 Dungeon Sprint DCSS version 0.17.2-1-ge4368a0 (webtiles) character file.

2662 hexophile the Fighter (level 9, -4/90 HPs)
             Began as a Demigod Necromancer on Oct 9, 2016.
             Slain by a komodo dragon (27 damage)
             ... in the Dungeon (Sprint IX: "|||||||||||||||||||||||||||||").
             The game lasted 00:05:32 (1292 turns).

hexophile the Fighter (Demigod Necromancer)         Turns: 1292, Time: 00:05:32

Health: -4/90      AC: 13    Str: 17    XL:     9   Next: 14%
Magic:  11/14      EV: 11    Int: 22    God:
Gold:   0          SH:  0    Dex: 16    Spells: 2 memorised, 7 levels left

rFire  . . .     SeeInvis .     k - +2 scimitar (flame)
rCold  . . .     Clarity  .     n - +2 ring mail
rNeg   . . .     SustAt   +     (no shield)
rPois  .         Gourm    .     (no helmet)
rElec  .         Spirit   .     m - +0 cloak
rCorr  .         Warding  .     (no gloves)
rMut   .         NoTele   +     l - +0 pair of boots
MR     .....                    (no amulet)
Stlth  +.........               o - +2 ring of protection
                                p - +3 ring of intelligence

@: not resistant to hostile enchantments, very unstealthy
A: high mp 1, sustain attributes
a: no special abilities


You were in the Dungeon.
You were hungry.

You visited 1 branch


Innate Abilities, Weirdness & Mutations

You have an increased reservoir of magic (+10% MP).
Your attributes are resistant to harm.

Inventory:

Hand Weapons
 d - a +0 club
 k - a +2 scimitar of flaming (weapon)
Armour
 l - a +0 pair of boots (worn)
 m - a +0 cloak (worn)
 n - a +2 ring mail (worn)
Magical Staves
 a - an uncursed staff of energy {channel}
Jewellery
 o - a +2 ring of protection (right hand)
 p - a +3 ring of intelligence (left hand)
Wands
 c - a wand of draining (0)
Scrolls
 i - 4 scrolls of blinking
 j - 4 scrolls of remove curse
 q - 2 scrolls of amnesia
 t - a scroll of fear
 u - a scroll of identify
Potions
 e - 7 potions of heal wounds
 f - a potion of agility {Stlth+ Dex+5 EV+5}
 g - 4 potions of magic
 h - 6 potions of curing
 s - 2 potions of cure mutation {!q}
Books
 b - a book of Necromancy

   Spells                             Type                      Level
   a - Pain                           Necromancy                   1
   b - Animate Skeleton               Necromancy                   1
   c - Vampiric Draining              Necromancy                   3
   d - Regeneration                   Charms/Necromancy            3
   e - Animate Dead                   Necromancy                   4
   f - Control Undead                 Necromancy                   4
Comestibles
 r - a bread ration


You had 7 spell levels left.
You knew the following spells:

 Your Spells              Type           Power        Failure   Level  Hunger
a - Pain                  Necr           ####         1%          1    #......
b - Regeneration          Chrm/Necr      ####......   4%          3    ###....


   Skills:
 * Level 12.2 Fighting
 * Level 9.0 Long Blades
 * Level 9.1 Armour
 - Level 1.7 Dodging
 - Level 1.7 Stealth
 - Level 1.7 Spellcasting
 * Level 6.9 Charms
 - Level 6.8 Necromancy

Dungeon Overview and Level Annotations

Branches:
Dungeon (1/1)

Vault maps used:
D:        linesprint
You       could see a komodo dragon and a water moccasin.


Message History

The hippogriff is severely wounded.
The hippogriff barely misses you.
The hippogriff pecks you but does no damage.
The hippogriff barely misses you.
You hit the hippogriff. You burn the hippogriff.
The hippogriff is almost dead.
The hippogriff barely misses you.
The hippogriff pecks you but does no damage.
The hippogriff barely misses you.
You slash the hippogriff! You burn the hippogriff.
You kill the hippogriff!
Your Long Blades skill increases to level 9!
Your Armour skill increases to level 9!
Unknown command.
You slash the komodo dragon! You burn the komodo dragon.
The komodo dragon is moderately wounded.
The komodo dragon bites you!
You lost 17 HP.
You have now: 45/90 HP.
You hit the komodo dragon but do no damage.
The komodo dragon is lightly wounded.
The komodo dragon bites you.
You lost 3 HP.
You have now: 42/90 HP.
You slash the komodo dragon! You burn the komodo dragon!
The komodo dragon is severely wounded.
The komodo dragon closely misses you.
You closely miss the komodo dragon.
The komodo dragon is severely wounded.
The komodo dragon bites you!!
* * * LOW HITPOINT WARNING * * *
You lost 17 HP.
You have now: 25/90 HP.
Unknown command.
Casting: Pain
Confirm with . or Enter, or press ? or * to list all spells.
Aiming: Pain
Press: ? - help, Shift-Dir - straight line, f - komodo dragon
Aim: a komodo dragon (severely wounded, chance to defeat MR: 71%)
The komodo dragon convulses in agony!
The komodo dragon barely misses you.
You lost 1 HP.
You have now: 24/90 HP.
Casting: Pain
Confirm with . or Enter, or press ? or * to list all spells.
Aiming: Pain
Press: ? - help, Shift-Dir - straight line, f/p - komodo dragon
Aim: a komodo dragon (almost dead, chance to defeat MR: 71%)
The komodo dragon convulses in agony!
The komodo dragon misses you.
You lost 1 HP.
You have now: 23/90 HP.
Unknown command.
You hit the komodo dragon but do no damage.
The komodo dragon is almost dead.
The komodo dragon bites you!!
You die...

Action                   |  1- 3 |  4- 6 |  7- 9 || total
-------------------------+-------+-------+-------++-------
Melee: Unarmed           |    22 |       |       ||    22
       Club              |     3 |    18 |       ||    21
       Scimitar          |       |    17 |    65 ||    82
 Cast: Pain              |     5 |     1 |     4 ||    10
       Regeneration      |       |       |     1 ||     1
Evoke: Wand              |       |     6 |     1 ||     7
  Use: Potion            |     3 |       |     1 ||     4
 Stab: Invisible         |       |       |     4 ||     4
  Eat: Chunk             |       |       |     2 ||     2

Notes
Turn   | Place    | Note
--------------------------------------------------------------
     0 | D        | hexophile the Demigod Necromancer began the quest for the Orb.
     0 | D        | Reached XP level 1. HP: 14/14 MP: 5/5
     9 | D        | Reached skill level 1 in Fighting
    22 | D        | Reached skill level 2 in Fighting
    34 | D        | Reached skill level 3 in Fighting
   365 | D        | Noticed a centaur
   365 | D        | Noticed a worker ant
   369 | D        | Killed a centaur
   369 | D        | Reached skill level 7 in Fighting
   369 | D        | Reached XP level 2. HP: 32/35 MP: 7/7
   369 | D        | Reached XP level 3. HP: 36/40 MP: 8/8
   369 | D        | Reached XP level 4. HP: 43/48 MP: 9/9
   381 | D        | Killed a worker ant
   381 | D        | Reached skill level 8 in Fighting
   575 | D        | Found a glowing silver altar of Zin.
   575 | D        | Found a glowing golden altar of the Shining One.
   575 | D        | Found an ancient bone altar of Kikubaaqudgha.
   575 | D        | Found a basalt altar of Yredelemnul.
   575 | D        | Found a shimmering altar of Xom.
   575 | D        | Found a radiant altar of Vehumet.
   576 | D        | Found an iron altar of Okawaru.
   577 | D        | Found a burning altar of Makhleb.
   578 | D        | Found a deep blue altar of Sif Muna.
   579 | D        | Found a bloodstained altar of Trog.
   580 | D        | Found a sparkling altar of Nemelex Xobeh.
   581 | D        | Found a white marble altar of Elyvilon.
   582 | D        | Found a roughly hewn altar of Beogh.
   583 | D        | Found a viscous altar of Jiyva.
   584 | D        | Found a corrupted altar of Lugonu.
   585 | D        | Found a blossoming altar of Fedhas.
   586 | D        | Found a snail-covered altar of Cheibriados.
   587 | D        | Found a shadowy altar of Dithmenos.
   588 | D        | Found a stormy altar of Qazlal.
   589 | D        | Found an opulent altar of Gozag.
   590 | D        | Found a sacrificial altar of Ru.
   659 | D        | Learned a level 3 spell: Regeneration
   662 | D        | Noticed a giant frog
   662 | D        | Noticed a giant frog
   662 | D        | Noticed a necrophage
   662 | D        | Noticed an ogre
   662 | D        | Noticed a troll
   671 | D        | Killed a giant frog
   671 | D        | Reached skill level 9 in Fighting
   671 | D        | Reached skill level 2 in Long Blades
   671 | D        | Reached skill level 2 in Armour
   671 | D        | Reached skill level 4 in Necromancy
   671 | D        | Reached XP level 5. HP: 47/57 MP: 10/10
   673 | D        | Killed a giant frog
   673 | D        | Reached skill level 3 in Long Blades
   673 | D        | Reached skill level 3 in Armour
   673 | D        | Reached skill level 5 in Necromancy
   679 | D        | Killed an ogre
   679 | D        | Reached skill level 4 in Long Blades
   679 | D        | Reached skill level 4 in Armour
   679 | D        | Reached XP level 6. HP: 52/66 MP: 11/11
   684 | D        | Killed a necrophage
   684 | D        | Reached skill level 6 in Necromancy
   685 | D        | Killed a troll
   685 | D        | Reached skill level 10 in Fighting
   685 | D        | Reached skill level 5 in Long Blades
   685 | D        | Reached skill level 5 in Armour
   685 | D        | Reached XP level 7. HP: 57/73 MP: 12/12
   754 | D        | Noticed a crimson imp
   754 | D        | Noticed a killer bee
   754 | D        | Noticed a hill giant
   754 | D        | Noticed a centaur
   754 | D        | Noticed a hill giant
   760 | D        | Killed a centaur
   760 | D        | Reached skill level 1 in Charms
   766 | D        | Killed a hill giant
   766 | D        | Reached skill level 11 in Fighting
   766 | D        | Reached skill level 6 in Long Blades
   766 | D        | Reached skill level 6 in Armour
   766 | D        | Reached skill level 3 in Charms
   773 | D        | Killed a hill giant
   773 | D        | Reached skill level 7 in Long Blades
   773 | D        | Reached skill level 7 in Armour
   773 | D        | Reached skill level 5 in Charms
   773 | D        | Reached XP level 8. HP: 33/82 MP: 13/13
   784 | D        | Killed a killer bee
   790 | D        | Killed a crimson imp
  1249 | D        | Noticed a spiny frog
  1249 | D        | Noticed a giant frog
  1249 | D        | Noticed a komodo dragon
  1249 | D        | Noticed a porcupine
  1249 | D        | Noticed an iguana
  1249 | D        | Noticed a crocodile
  1254 | D        | Killed a spiny frog
  1254 | D        | Reached skill level 8 in Long Blades
  1254 | D        | Reached skill level 8 in Armour
  1257 | D        | Noticed a hippogriff
  1261 | D        | Noticed a komodo dragon
  1263 | D        | Killed a giant frog
  1263 | D        | Reached skill level 6 in Charms
  1269 | D        | Noticed a water moccasin
  1272 | D        | Killed a komodo dragon
  1272 | D        | Reached skill level 12 in Fighting
  1274 | D        | Killed a porcupine
  1274 | D        | Reached XP level 9. HP: 79/90 MP: 11/14
  1275 | D        | Killed an iguana
  1278 | D        | Killed a crocodile
  1285 | D        | Killed a hippogriff
  1285 | D        | Reached skill level 9 in Long Blades
  1285 | D        | Reached skill level 9 in Armour
  1292 | D        | Slain by a komodo dragon

Table legend:
 A = Turns spent in this place as a percentage of turns spent in the entire game.
 B = Non-inter-level travel turns spent in this place as a percentage of non-inter-level travel turns spent in the entire game.
 C = Inter-level travel turns spent in this place as a percentage of turns spent in this place.
 D = Turns resting spent in this place as a percentage of non-inter-level travel turns spent in this place.
 E = Turns spent auto-exploring this place as a percentage of non-inter-level travel turns spent in this place.
 F = Non-inter-level travel turns spent in this place divided by the number of levels of this place that you've seen.
                   A       B       C       D       E      F
               +-------+-------+-------+-------+-------+----------------------
         Total | 100.0 | 100.0 |   0.0 |   7.1 |   0.3 | 368.0
       Dungeon | 100.0 | 100.0 |   0.0 |   7.1 |   0.3 | 368.0
               +-------+-------+-------+-------+-------+----------------------

Table legend:
 A = Kills in this place as a percentage of kills in entire the game.
 B = Kills by you in this place as a percentage of kills by you in the entire game.
 C = Kills by friends in this place as a percentage of kills by friends in the entire game.
 D = Other kills in this place as a percentage of other kills in the entire game.
 E = Experience gained in this place as a percentage of experience gained in the entire game.
 F = Experience gained in this place divided by the number of levels of this place that you have seen.
                   A       B       C       D       E      F
               +-------+-------+-------+-------+-------+----------------------
         Total | 100.0 | 100.0 |  -nan |  -nan | 100.0 | 3803.0
       Dungeon | 100.0 | 100.0 |  -nan |  -nan | 100.0 | 3803.0
               +-------+-------+-------+-------+-------+----------------------

Vanquished Creatures
  2 hill giants (D)
  A spiny frog (D)
  A komodo dragon (D)
  A troll (D)
  A hippogriff (D)
  A porcupine (D)
  An ogre (D)
  2 centaurs (D)
  A necrophage (D)
  A crocodile (D)
  3 giant frogs (D)
  A killer bee (D)
  A crimson imp (D)
  An iguana (D)
  A worker ant (D)
  An adder (D)
  A shadow imp (D)
  2 adder zombies (D)
  3 hobgoblins (D)
  2 bats (D)
  A jackal skeleton (D)
29 creatures vanquished.
